Golden Knights vs Jets
Created - February 23, 2023 at 20:20
Goals
|
| Golden Knights |
2 |
0 |
0 |
2 |
| Jets |
1 |
0 |
2 |
3 |
|
Shots
|
| Golden Knights |
11 |
12 |
11 |
34 |
| Jets |
6 |
10 |
13 |
29 |
|
1st period
1. Golden Knights , Olli Maatta 2 (Mathew Dumba 18, Andrew Cogliano 11) at 2:09 (PP)
2. Jets , Sam Reinhart 3 (Ryan Murray 18) at 11:49
3. Golden Knights , Jordan Eberle 19 (Kyle Rau 3) at 12:15 (PP)
Penalties :
Sam Reinhart (Win) for Roughing (Minor) at 1:36, Max Domi (Win) for Roughing (Minor) at 5:42, Ryan Murray (Win) for Boarding (Minor) at 12:13, Adam Larsson (Win) for Tripping (Minor) at 14:42
2nd period
No Goal
Penalties :
Jake Guentzel (Veg) for Roughing (Minor) at 13:15, Dougie Hamilton (Win) for Hooking (Minor) at 17:53
3rd period
4. Jets , Tyler Toffoli 12 (Alex Galchenyuk 17, Ryan Johansen 30) at 9:06 (PP)
5. Jets , Tyler Toffoli 13 (Ryan Johansen 31, Alex Galchenyuk 18) at 18:23 (PP)
Penalties :
Alexander Radulov (Veg) for Hooking (Minor) at 0:51, Paul Stastny (Veg) for Hooking (Minor) at 8:50, Paul Stastny (Veg) for Slashing (Minor) at 17:28, Kyle Rau (Veg) for Roughing (Minor) at 19:27
Goalie Stats
Laurent Brossoit (Veg), 26 saves from 29 shots - (0.897), L, 3-4-0, 59:27 minutes
Jacob Markstrom (Win), 32 saves from 34 shots - (0.941), W, 24-12-3, 60:00 minutes
Players Stats for Golden Knights
Player Name G A P +/- PIM S H SB GA TA FO MP PP MP PK MP
------------------------------------------------------------------------------------
Alexander Radulov 0 0 0 -1 2 1 1 0 1 0 1/2 16:16 3:27 0:00
Andrei Loktionov 0 0 0 -1 0 6 0 0 1 0 7/15 17:44 3:27 1:43
Andrew Cogliano 0 1 1 -1 0 2 2 1 0 0 1/2 17:55 3:27 1:54
Anton Lindholm 0 0 0 0 0 1 0 0 0 1 0/0 10:42 0:00 0:45
Christopher Tanev 0 0 0 0 0 0 0 1 1 0 0/0 18:52 2:07 1:56
Frederick Gaudreau 0 0 0 0 0 1 0 0 0 0 0/2 6:13 0:00 0:12
Jake Guentzel 0 0 0 0 2 4 1 0 3 0 1/1 24:43 3:05 3:12
Jamie Oleksiak 0 0 0 0 0 0 0 0 0 0 0/0 10:42 0:00 0:45
Jordan Eberle 1 0 1 0 0 8 1 0 2 0 0/1 21:20 3:05 0:00
Kyle Rau 0 1 1 0 2 4 2 3 0 0 19/37 24:02 3:05 2:40
Lawson Crouse 0 0 0 0 0 1 1 0 0 0 0/0 6:37 0:00 0:45
Luke Glendening 0 0 0 0 0 0 0 0 0 0 0/0 6:01 0:00 0:00
Mathew Dumba 0 1 1 -1 0 3 0 1 0 2 0/0 30:13 4:25 3:00
Max Reinhart 0 0 0 0 0 0 1 0 0 0 6/8 11:38 0:00 0:44
Olli Maatta 1 0 1 -1 0 1 2 0 0 0 0/0 30:10 4:25 3:00
Paul Stastny 0 0 0 0 4 2 3 0 1 0 0/0 11:20 0:00 0:12
Tom Wilson 0 0 0 0 0 0 3 0 0 0 0/0 10:54 0:00 0:00
Vladimir Mihalik 0 0 0 0 0 0 0 0 1 1 0/0 18:52 2:07 1:56
Players Stats for Jets
Player Name G A P +/- PIM S H SB GA TA FO MP PP MP PK MP
------------------------------------------------------------------------------------
Adam Larsson 0 0 0 0 2 0 2 2 0 1 0/0 17:18 1:04 1:50
Alex Galchenyuk 0 2 2 0 0 1 0 0 1 0 2/3 18:03 3:19 0:06
Alexander Wennberg 0 0 0 0 0 1 1 0 0 0 2/5 11:46 0:00 0:00
Anthony Mantha 0 0 0 0 0 2 0 0 0 1 0/0 11:26 0:00 0:00
Brent Burns 0 0 0 0 0 1 1 1 0 3 0/0 17:09 1:02 2:00
Dougie Hamilton 0 0 0 1 2 4 1 1 0 1 0/0 24:39 3:47 1:32
Frank Vatrano 0 0 0 1 0 0 3 0 1 0 0/0 10:02 0:00 2:08
Jussi Jokinen 0 0 0 0 0 3 0 0 1 0 0/0 11:26 0:00 0:00
Marco Scandella 0 0 0 0 0 1 0 2 0 0 0/0 17:55 0:55 3:52
Max Domi 0 0 0 0 2 2 0 0 0 0 0/0 17:57 2:22 0:00
Nick Bjugstad 0 0 0 0 0 3 0 0 0 0 0/2 22:14 2:22 4:18
Noel Acciari 0 0 0 1 0 0 2 1 0 0 1/1 3:30 0:00 0:00
Ryan Johansen 0 2 2 0 0 1 1 1 0 1 13/34 23:05 3:19 4:24
Ryan Murray 0 1 1 1 2 1 2 0 0 2 0/0 24:54 1:54 3:50
Sam Reinhart 1 0 1 1 2 2 0 0 0 1 0/0 7:00 0:00 0:00
Troy Stetcher 0 0 0 0 0 1 0 1 0 0 0/0 17:44 2:40 0:00
Tyler Seguin 0 0 0 0 0 3 2 1 1 0 13/19 16:18 2:22 0:00
Tyler Toffoli 2 0 2 0 0 3 1 1 0 0 2/4 20:57 3:19 2:08
3 Stars
1 - Tyler Toffoli (Win)
2 - Jacob Markstrom (Win)
3 - Ryan Johansen (Win)
Power Play
Golden Knights - 2 on 5 Attempt(s) - 40.00%
Jets - 2 on 5 Attempt(s) - 40.00%
Penalty Kill
Golden Knights - 3 on 5 Attempt(s) - 60.00%
- Score 0 goal in Penalty Kill
Jets - 3 on 5 Attempt(s) - 60.00%
- Score 0 goal in Penalty Kill
Team Stat
Golden Knights - Hits : 17 - Faceoff Wins : 35 - Blocked Shots : 6 - Penalty Minutes : 10
Jets - Hits : 16 - Faceoff Wins : 33 - Blocked Shots : 11 - Penalty Minutes : 10
Official
Referees : Frederick L'Ecuyer and Dan O'Rourke
Linesman : Mark Shewchyk and Travis Toomey
Game Notes
Noel Acciari is injured at 7:05 of 2nd period (Right Foot)
Finance
Level 1 -- Attendance: 6000 (100.00%) -- Ticket Income $600,000
Level 2 -- Attendance: 4746 (94.92%) -- Ticket Income $284,760
Level 3 -- Attendance: 2000 (100.00%) -- Ticket Income $70,000
Level 4 -- Attendance: 4000 (100.00%) -- Ticket Income $100,000
Luxury Box -- Attendance: 1000 (100.00%) -- Ticket Income $200,000
Game was played at the Bell MTS Place.
Total Attendance: 17746 (98.59%)
Total Ticket Income: $1,254,760
Other Income: $188,214
Total Income: $1,442,974
Golden Knights
5 vs 5 Forward
Center Left Wing Right Wing Time % Phy DF OF
1 Kyle Rau Jake Guentzel Jordan Eberle 40 1 2 2
2 Andrei Loktionov Andrew Cogliano Alexander Radulov 30 1 2 2
3 Max Reinhart Paul Stastny Tom Wilson 20 1 2 2
4 Frederick Gaudreau Lawson Crouse Luke Glendening 10 1 2 2
5 vs 5 Defense
Defense Defense Time % Phy DF OF
1 Mathew Dumba Olli Maatta 40 1 2 2
2 Vladimir Mihalik Christopher Tanev 30 1 2 2
3 Jamie Oleksiak Anton Lindholm 20 1 2 2
4 Mathew Dumba Olli Maatta 10 1 2 2
PowerPlay Forward
Center Left Wing Right Wing Time % Phy DF OF
1 Kyle Rau Jake Guentzel Jordan Eberle 60 1 2 2
2 Andrei Loktionov Andrew Cogliano Alexander Radulov 40 1 2 2
PowerPlay Defense
Defense Defense Time % Phy DF OF
1 Mathew Dumba Olli Maatta 60 1 2 2
2 Vladimir Mihalik Christopher Tanev 40 1 2 2
Penalty Kill 4 Players Forward
Center Wing Time % Phy DF OF
1 Kyle Rau Jake Guentzel 60 1 2 2
2 Andrei Loktionov Andrew Cogliano 40 1 2 2
Penalty Kill 4 Players Defense
Defense Defense Time % Phy DF OF
1 Mathew Dumba Olli Maatta 60 1 2 2
2 Vladimir Mihalik Christopher Tanev 40 1 2 2
Penalty Kill - 3 Players Forward
Forward Time % Phy DF OF
1 Kyle Rau 60 1 2 2
2 Andrei Loktionov 40 1 2 2
Penalty Kill - 3 Players Defense
Defense Defense Time % Phy DF OF
1 Mathew Dumba Olli Maatta 60 1 2 2
2 Vladimir Mihalik Christopher Tanev 40 1 2 2
4 vs 4 Forward
Center Wing Time % Phy DF OF
1 Kyle Rau Jake Guentzel 60 1 2 2
2 Andrei Loktionov Andrew Cogliano 40 1 2 2
4 vs 4 Defense
Defense Defense Time % Phy DF OF
1 Mathew Dumba Olli Maatta 60 1 2 2
2 Vladimir Mihalik Christopher Tanev 40 1 2 2
Last Minutes Offensive
Center Left Wing Right Wing Defense Defense
Kyle Rau Jake Guentzel Jordan Eberle Mathew Dumba Olli Maatta
Last Minutes Defensive
Center Left Wing Right Wing Defense Defense
Kyle Rau Jake Guentzel Jordan Eberle Mathew Dumba Olli Maatta
Goaltenders
Starting : Laurent Brossoit
Backup : Ondrej Pavelec
Extra Forwards
Normal : Andrew Cogliano, Max Reinhart, Alexander Radulov - PP : Andrew Cogliano, Max Reinhart - PK : Andrew Cogliano
Extra Defensemen
Normal : Christopher Tanev, Jamie Oleksiak, Anton Lindholm - PP : Christopher Tanev - PK : Christopher Tanev, Jamie Oleksiak
Penalty Shots
Kyle Rau, Jordan Eberle, Jake Guentzel, Andrei Loktionov, Andrew Cogliano
Scratches
Steven Stamkos (Torn Left ACL Injury), Zach Bogosian (Dislocated Patella Injury)
Jets
5 vs 5 Forward
Center Left Wing Right Wing Time % Phy DF OF
1 Ryan Johansen Alex Galchenyuk Nick Bjugstad 35 1 2 2
2 Tyler Seguin Max Domi Tyler Toffoli 35 1 2 2
3 Alexander Wennberg Jussi Jokinen Anthony Mantha 20 1 2 2
4 Noel Acciari Frank Vatrano Sam Reinhart 10 1 2 2
5 vs 5 Defense
Defense Defense Time % Phy DF OF
1 Ryan Murray Dougie Hamilton 40 1 2 2
2 Adam Larsson Marco Scandella 30 1 2 2
3 Brent Burns Troy Stetcher 30 1 2 2
4 Ryan Murray Adam Larsson 0 1 2 2
PowerPlay Forward
Center Left Wing Right Wing Time % Phy DF OF
1 Ryan Johansen Alex Galchenyuk Tyler Toffoli 55 1 0 4
2 Tyler Seguin Max Domi Nick Bjugstad 45 1 0 4
PowerPlay Defense
Defense Defense Time % Phy DF OF
1 Troy Stetcher Dougie Hamilton 60 0 1 4
2 Brent Burns Ryan Murray 40 0 1 4
Penalty Kill 4 Players Forward
Center Wing Time % Phy DF OF
1 Ryan Johansen Nick Bjugstad 60 1 2 2
2 Tyler Toffoli Frank Vatrano 40 1 2 2
Penalty Kill 4 Players Defense
Defense Defense Time % Phy DF OF
1 Ryan Murray Marco Scandella 60 1 3 1
2 Dougie Hamilton Adam Larsson 40 1 3 1
Penalty Kill - 3 Players Forward
Forward Time % Phy DF OF
1 Ryan Johansen 60 0 4 1
2 Tyler Seguin 40 0 4 1
Penalty Kill - 3 Players Defense
Defense Defense Time % Phy DF OF
1 Ryan Murray Marco Scandella 60 1 4 0
2 Adam Larsson Dougie Hamilton 40 1 4 0
4 vs 4 Forward
Center Wing Time % Phy DF OF
1 Ryan Johansen Alex Galchenyuk 60 1 2 2
2 Tyler Seguin Max Domi 40 1 2 2
4 vs 4 Defense
Defense Defense Time % Phy DF OF
1 Adam Larsson Marco Scandella 60 1 2 2
2 Dougie Hamilton Ryan Murray 40 1 2 2
Last Minutes Offensive
Center Left Wing Right Wing Defense Defense
Ryan Johansen Alex Galchenyuk Tyler Toffoli Dougie Hamilton Marco Scandella
Last Minutes Defensive
Center Left Wing Right Wing Defense Defense
Ryan Johansen Frank Vatrano Tyler Toffoli Ryan Murray Marco Scandella
Goaltenders
Starting : Jacob Markstrom
Backup : Elvis Merzlikins
Extra Forwards
Normal : Nick Bjugstad, Max Domi, Sam Reinhart - PP : Nick Bjugstad, Alexander Wennberg - PK : Nick Bjugstad
Extra Defensemen
Normal : Dougie Hamilton, Adam Larsson, Marco Scandella - PP : Brent Burns - PK : Brent Burns, Marco Scandella
Penalty Shots
Ryan Johansen, Tyler Toffoli, Tyler Seguin, Jussi Jokinen, Nick Bjugstad
Scratches
None
% Time on Ice - Golden Knights
Lines # - Real PCT - Wanted PCT - Time Play
Normal Forward
1 - 38% - 40% - 17:47
2 - 26% - 30% - 12:25
3 - 23% - 20% - 10:54
4 - 13% - 10% - 6:01
Normal Defense
1 - 42% - 40% - 19:49
2 - 32% - 30% - 14:58
3 - 21% - 20% - 10:01
4 - 5% - 10% - 2:19
PP Forward
1 - 47% - 60% - 3:05
2 - 53% - 40% - 3:27
PP Defense
1 - 68% - 60% - 4:25
2 - 32% - 40% - 2:07
PK Forward
1 - 68% - 60% - 3:53
2 - 32% - 40% - 1:48
PK Defense
1 - 53% - 60% - 3:00
2 - 47% - 40% - 2:41
PK3 Forward
1 - 0% - 60%
2 - 0% - 40%
PK3 Defense
1 - 0% - 60%
2 - 0% - 40%
44 Forward
1 - 0% - 60%
2 - 0% - 40%
44 Defense
1 - 0% - 60%
2 - 0% - 40%
Last Minute Offensive - 0:40
Last Minute Defensive - 0:00
Total
Forward - 60:00
Defense - 60:00
|
% Time on Ice - Jets
Lines # - Real PCT - Wanted PCT - Time Play
Normal Forward
1 - 30% - 35% - 14:15
2 - 29% - 35% - 13:51
3 - 24% - 20% - 11:26
4 - 16% - 10% - 7:32
Normal Defense
1 - 40% - 40% - 18:58
2 - 29% - 30% - 13:34
3 - 29% - 30% - 13:38
4 - 2% - 0% - 0:54
PP Forward
1 - 58% - 55% - 3:19
2 - 42% - 45% - 2:22
PP Defense
1 - 67% - 60% - 3:47
2 - 33% - 40% - 1:54
PK Forward
1 - 67% - 60% - 4:24
2 - 33% - 40% - 2:08
PK Defense
1 - 59% - 60% - 3:52
2 - 41% - 40% - 2:40
PK3 Forward
1 - 0% - 60%
2 - 0% - 40%
PK3 Defense
1 - 0% - 60%
2 - 0% - 40%
44 Forward
1 - 0% - 60%
2 - 0% - 40%
44 Defense
1 - 0% - 60%
2 - 0% - 40%
Last Minute Offensive - 0:00
Last Minute Defensive - 0:43
Total
Forward - 60:00
Defense - 60:00
|
Play-by-Play
1st period
0:01 of 1st period - Kyle Rau wins face-off versus Ryan Johansen in neutral zone.
0:35 of 1st period - Snap shot by Andrei Loktionov.
0:35 of 1st period - Shot Blocked by Tyler Seguin.
0:37 of 1st period - Backhand shot by Vladimir Mihalik.
0:37 of 1st period - Shot Misses the Net.
1:02 of 1st period - Brent Burns is hit by Tom Wilson and loses puck.
1:13 of 1st period - Slapshot by Brent Burns.
1:13 of 1st period - Shot Misses the Net.
1:25 of 1st period - Lawson Crouse is hit by Adam Larsson and loses puck.
1:36 of 1st period - Minor Penalty to Sam Reinhart for Roughing.
1:37 of 1st period - Kyle Rau wins face-off versus Ryan Johansen in Jets zone.
1:38 of 1st period - Wrist shot by Jake Guentzel.
1:38 of 1st period - Shot Misses the Net.
2:07 of 1st period - Slapshot by Mathew Dumba.
2:07 of 1st period - Shot Misses the Net.
2:09 of 1st period - Backhand shot by Olli Maatta.
2:09 of 1st period - Goal by Olli Maatta - Golden Knights : 1 - Jets : 0.
2:10 of 1st period - Tyler Seguin wins face-off versus Kyle Rau in neutral zone.
2:23 of 1st period - Wrist shot by Tyler Seguin.
2:23 of 1st period - Stopped by Laurent Brossoit without a rebound.
2:24 of 1st period - Kyle Rau wins face-off versus Nick Bjugstad in Golden Knights zone.
2:24 of 1st period - Kyle Rau is hit by Dougie Hamilton.
2:38 of 1st period - Snap shot by Ryan Johansen.
2:38 of 1st period - Shot Blocked by Kyle Rau.
2:57 of 1st period - Wrist shot by Tyler Toffoli.
2:57 of 1st period - Deflect By Tyler Seguin.
2:57 of 1st period - Shot Blocked by Mathew Dumba.
2:57 of 1st period - Puck is out of play.
2:58 of 1st period - Ryan Johansen wins face-off versus Max Reinhart in Golden Knights zone.
4:10 of 1st period - Off-side.
4:11 of 1st period - Noel Acciari wins face-off versus Frederick Gaudreau in neutral zone.
4:27 of 1st period - Olli Maatta is hit by Noel Acciari and loses puck.
4:46 of 1st period - Wrist shot by Mathew Dumba.
4:46 of 1st period - Shot Blocked by Noel Acciari.
4:48 of 1st period - Snap shot by Olli Maatta.
4:48 of 1st period - Shot Misses the Net.
4:50 of 1st period - Wrist shot by Lawson Crouse.
4:50 of 1st period - Stopped by Jacob Markstrom without a rebound.
4:51 of 1st period - Kyle Rau wins face-off versus Ryan Johansen in Jets zone.
4:59 of 1st period - Off-side.
5:00 of 1st period - Ryan Johansen wins face-off versus Kyle Rau in neutral zone.
5:18 of 1st period - Slapshot by Ryan Johansen.
5:18 of 1st period - Stopped by Laurent Brossoit without a rebound.
5:19 of 1st period - Andrei Loktionov wins face-off versus Tyler Seguin in Golden Knights zone.
5:42 of 1st period - Minor Penalty to Max Domi for Roughing.
5:43 of 1st period - Kyle Rau wins face-off versus Ryan Johansen in Jets zone.
5:56 of 1st period - Snap shot by Ryan Johansen.
5:56 of 1st period - Shot Misses the Net.
5:58 of 1st period - Slapshot by Marco Scandella.
5:58 of 1st period - Shot Misses the Net.
6:22 of 1st period - Slapshot by Mathew Dumba.
6:22 of 1st period - Stopped by Jacob Markstrom without a rebound.
6:23 of 1st period - Andrei Loktionov wins face-off versus Ryan Johansen in Jets zone.
6:42 of 1st period - Slapshot by Andrei Loktionov.
6:42 of 1st period - Stopped by Jacob Markstrom without a rebound.
6:43 of 1st period - Tyler Toffoli wins face-off versus Kyle Rau in Jets zone.
7:42 of 1st period - Penalty to Max Domi is over, Max Domi is back on ice.
8:16 of 1st period - Anton Lindholm is hit by Tyler Toffoli and loses puck.
8:27 of 1st period - Snap shot by Frederick Gaudreau.
8:27 of 1st period - Shot Misses the Net.
8:45 of 1st period - Wrist shot by Sam Reinhart.
8:45 of 1st period - Stopped by Laurent Brossoit with a rebound.
8:51 of 1st period - Jamie Oleksiak is hit by Noel Acciari and loses puck.
9:10 of 1st period - Snap shot by Jordan Eberle.
9:10 of 1st period - Shot Misses the Net.
10:13 of 1st period - Slapshot by Mathew Dumba.
10:13 of 1st period - Stopped by Jacob Markstrom without a rebound.
10:14 of 1st period - Tyler Seguin wins face-off versus Kyle Rau in Jets zone.
10:18 of 1st period - Off-side.
10:19 of 1st period - Kyle Rau wins face-off versus Tyler Seguin in neutral zone.
10:48 of 1st period - Icing by Ryan Murray.
10:49 of 1st period - Andrei Loktionov wins face-off versus Ryan Johansen in Jets zone.
10:56 of 1st period - Snap shot by Alexander Radulov.
10:56 of 1st period - Deflect By Andrei Loktionov.
10:56 of 1st period - Stopped by Jacob Markstrom with a rebound.
11:00 of 1st period - Wrist shot by Andrei Loktionov.
11:00 of 1st period - Stopped by Jacob Markstrom without a rebound.
11:01 of 1st period - Kyle Rau wins face-off versus Ryan Johansen in Jets zone.
11:02 of 1st period - Snap shot by Jake Guentzel.
11:02 of 1st period - Stopped by Jacob Markstrom with a rebound.
11:06 of 1st period - Snap shot by Jordan Eberle.
11:06 of 1st period - Shot Misses the Net.
11:08 of 1st period - Wrist shot by Kyle Rau.
11:08 of 1st period - Shot Blocked by Marco Scandella.
11:18 of 1st period - Snap shot by Jake Guentzel.
11:18 of 1st period - Shot Misses the Net.
11:28 of 1st period - Olli Maatta is hit by Adam Larsson and loses puck.
11:37 of 1st period - Snap shot by Max Domi.
11:37 of 1st period - Shot Misses the Net.
11:39 of 1st period - Slapshot by Tyler Toffoli.
11:39 of 1st period - Stopped by Laurent Brossoit with a rebound.
11:49 of 1st period - Snap shot by Sam Reinhart.
11:49 of 1st period - Goal by Sam Reinhart - Golden Knights : 1 - Jets : 1.
11:50 of 1st period - Kyle Rau wins face-off versus Ryan Johansen in neutral zone.
12:13 of 1st period - Minor Penalty to Ryan Murray for Boarding.
12:14 of 1st period - Kyle Rau wins face-off versus Ryan Johansen in Jets zone.
12:15 of 1st period - Snap shot by Jordan Eberle.
12:15 of 1st period - Goal by Jordan Eberle - Golden Knights : 2 - Jets : 1.
12:16 of 1st period - Kyle Rau wins face-off versus Tyler Seguin in neutral zone.
12:21 of 1st period - Snap shot by Jake Guentzel.
12:21 of 1st period - Stopped by Jacob Markstrom with a rebound.
13:03 of 1st period - Icing by Olli Maatta.
13:04 of 1st period - Max Reinhart wins face-off versus Alexander Wennberg in Golden Knights zone.
13:24 of 1st period - Snap shot by Max Reinhart.
13:24 of 1st period - Shot Misses the Net.
13:42 of 1st period - Slapshot by Tom Wilson.
13:42 of 1st period - Shot Misses the Net.
13:44 of 1st period - Snap shot by Paul Stastny.
13:44 of 1st period - Deflect By Max Reinhart.
13:44 of 1st period - Shot Misses the Net.
13:44 of 1st period - Puck is out of play.
13:45 of 1st period - Jake Guentzel wins face-off versus Tyler Seguin in Jets zone.
14:20 of 1st period - Snap shot by Nick Bjugstad.
14:20 of 1st period - Stopped by Laurent Brossoit without a rebound.
14:21 of 1st period - Alex Galchenyuk wins face-off versus Kyle Rau in Golden Knights zone.
14:34 of 1st period - Wrist shot by Jake Guentzel.
14:34 of 1st period - Shot Misses the Net.
14:42 of 1st period - Minor Penalty to Adam Larsson for Tripping.
14:43 of 1st period - Kyle Rau wins face-off versus Ryan Johansen in Jets zone.
15:26 of 1st period - Snap shot by Tyler Toffoli.
15:26 of 1st period - Shot Misses the Net.
15:31 of 1st period - Icing by Jake Guentzel.
15:32 of 1st period - Kyle Rau wins face-off versus Ryan Johansen in Golden Knights zone.
16:17 of 1st period - Jake Guentzel is hit by Ryan Johansen and loses puck.
16:42 of 1st period - Penalty to Adam Larsson is over, Adam Larsson is back on ice.
17:08 of 1st period - Tyler Toffoli is hit by Lawson Crouse and loses puck.
17:55 of 1st period - Brent Burns is hit by Tom Wilson and loses puck.
19:11 of 1st period - Tom Wilson is hit by Brent Burns.
19:17 of 1st period - Ryan Johansen is hit by Olli Maatta and loses puck.
19:36 of 1st period - Ryan Johansen is hit by Paul Stastny and loses puck.
19:45 of 1st period - Snap shot by Paul Stastny.
19:45 of 1st period - Shot Misses the Net.
19:47 of 1st period - Wrist shot by Paul Stastny.
19:47 of 1st period - Stopped by Jacob Markstrom with a rebound.
Goals for this period are 2 for Golden Knights vs 1 for Jets.
Shots for this period are 11 for Golden Knights vs 6 for Jets.
2nd period
0:01 of 2nd period - Tyler Seguin wins face-off versus Kyle Rau in neutral zone.
0:06 of 2nd period - Jake Guentzel is hit by Tyler Seguin and loses puck.
0:13 of 2nd period - Slapshot by Jordan Eberle.
0:13 of 2nd period - Stopped by Jacob Markstrom without a rebound.
0:14 of 2nd period - Tyler Seguin wins face-off versus Kyle Rau in Jets zone.
0:19 of 2nd period - Snap shot by Dougie Hamilton.
0:19 of 2nd period - Deflect By Max Domi.
0:19 of 2nd period - Stopped by Laurent Brossoit with a rebound.
0:31 of 2nd period - Wrist shot by Jordan Eberle.
0:31 of 2nd period - Stopped by Jacob Markstrom with a rebound.
0:45 of 2nd period - Snap shot by Jussi Jokinen.
0:45 of 2nd period - Stopped by Laurent Brossoit with a rebound.
0:47 of 2nd period - Slapshot by Dougie Hamilton.
0:47 of 2nd period - Stopped by Laurent Brossoit with a rebound.
0:53 of 2nd period - Snap shot by Jussi Jokinen.
0:53 of 2nd period - Stopped by Laurent Brossoit with a rebound.
0:55 of 2nd period - Snap shot by Anthony Mantha.
0:55 of 2nd period - Stopped by Laurent Brossoit with a rebound.
0:57 of 2nd period - Slapshot by Dougie Hamilton.
0:57 of 2nd period - Stopped by Laurent Brossoit without a rebound.
0:58 of 2nd period - Andrei Loktionov wins face-off versus Nick Bjugstad in Golden Knights zone.
1:04 of 2nd period - Off-side.
1:05 of 2nd period - Ryan Johansen wins face-off versus Andrei Loktionov in neutral zone.
2:14 of 2nd period - Snap shot by Alex Galchenyuk.
2:14 of 2nd period - Deflect By Ryan Johansen.
2:14 of 2nd period - Shot Misses the Net.
2:14 of 2nd period - Puck is out of play.
2:15 of 2nd period - Tyler Seguin wins face-off versus Kyle Rau in Golden Knights zone.
2:47 of 2nd period - Wrist shot by Tyler Seguin.
2:47 of 2nd period - Stopped by Laurent Brossoit with a rebound.
3:52 of 2nd period - Slapshot by Jake Guentzel.
3:52 of 2nd period - Shot Misses the Net.
4:25 of 2nd period - Snap shot by Mathew Dumba.
4:25 of 2nd period - Shot Blocked by Brent Burns.
4:39 of 2nd period - Slapshot by Troy Stetcher.
4:39 of 2nd period - Shot Blocked by Kyle Rau.
4:53 of 2nd period - Kyle Rau is hit by Tyler Seguin.
4:57 of 2nd period - Slapshot by Olli Maatta.
4:57 of 2nd period - Shot Blocked by Tyler Toffoli.
4:59 of 2nd period - Snap shot by Kyle Rau.
4:59 of 2nd period - Stopped by Jacob Markstrom without a rebound.
5:00 of 2nd period - Andrei Loktionov wins face-off versus Ryan Johansen in Jets zone.
5:28 of 2nd period - Off-side.
5:29 of 2nd period - Alexander Wennberg wins face-off versus Max Reinhart in neutral zone.
6:01 of 2nd period - Snap shot by Nick Bjugstad.
6:01 of 2nd period - Shot Misses the Net.
6:03 of 2nd period - Slapshot by Alex Galchenyuk.
6:03 of 2nd period - Stopped by Laurent Brossoit with a rebound.
6:05 of 2nd period - Slapshot by Nick Bjugstad.
6:05 of 2nd period - Stopped by Laurent Brossoit with a rebound.
6:50 of 2nd period - Tom Wilson is hit by Frank Vatrano.
7:04 of 2nd period - Noel Acciari is hit by Andrew Cogliano and loses puck.
7:05 of 2nd period - Noel Acciari from Jets is injured at 7:05 of 2nd period (Right Foot).
7:06 of 2nd period - Alexander Radulov wins face-off versus Ryan Johansen in Jets zone.
7:07 of 2nd period - Snap shot by Andrei Loktionov.
7:07 of 2nd period - Stopped by Jacob Markstrom with a rebound.
7:09 of 2nd period - Snap shot by Andrew Cogliano.
7:09 of 2nd period - Stopped by Jacob Markstrom with a rebound.
7:11 of 2nd period - Snap shot by Andrew Cogliano.
7:11 of 2nd period - Shot Blocked by Dougie Hamilton.
7:13 of 2nd period - Slapshot by Mathew Dumba.
7:13 of 2nd period - Shot Misses the Net.
7:33 of 2nd period - Max Domi is hit by Jordan Eberle.
7:34 of 2nd period - Icing by Max Domi.
7:35 of 2nd period - Tyler Seguin wins face-off versus Kyle Rau in Jets zone.
8:09 of 2nd period - Snap shot by Kyle Rau.
8:09 of 2nd period - Deflect By Jake Guentzel.
8:09 of 2nd period - Stopped by Jacob Markstrom with a rebound.
8:11 of 2nd period - Snap shot by Kyle Rau.
8:11 of 2nd period - Stopped by Jacob Markstrom without a rebound.
8:12 of 2nd period - Ryan Johansen wins face-off versus Andrei Loktionov in Jets zone.
8:47 of 2nd period - Anthony Mantha is hit by Paul Stastny and loses puck.
9:20 of 2nd period - Vladimir Mihalik is hit by Ryan Murray and loses puck.
10:31 of 2nd period - Snap shot by Paul Stastny.
10:31 of 2nd period - Stopped by Jacob Markstrom without a rebound.
10:32 of 2nd period - Tyler Seguin wins face-off versus Andrei Loktionov in Jets zone.
11:39 of 2nd period - Troy Stetcher is hit by Olli Maatta and loses puck.
13:15 of 2nd period - Minor Penalty to Jake Guentzel for Roughing.
13:16 of 2nd period - Ryan Johansen wins face-off versus Andrei Loktionov in Golden Knights zone.
13:16 of 2nd period - Backhand shot by Tyler Toffoli.
13:16 of 2nd period - Shot Blocked by Andrew Cogliano.
13:18 of 2nd period - Slapshot by Dougie Hamilton.
13:18 of 2nd period - Deflect By Christopher Tanev.
13:18 of 2nd period - Stopped by Laurent Brossoit with a rebound.
15:15 of 2nd period - Penalty to Jake Guentzel is over, Jake Guentzel is back on ice.
16:31 of 2nd period - Icing by Dougie Hamilton.
16:32 of 2nd period - Ryan Johansen wins face-off versus Frederick Gaudreau in Jets zone.
16:49 of 2nd period - Adam Larsson is hit by Max Reinhart and loses puck.
17:00 of 2nd period - Adam Larsson is hit by Alexander Radulov and loses puck.
17:33 of 2nd period - Lawson Crouse is hit by Frank Vatrano and loses puck.
17:46 of 2nd period - Ryan Johansen is hit by Andrew Cogliano and loses puck.
17:53 of 2nd period - Minor Penalty to Dougie Hamilton for Hooking.
17:54 of 2nd period - Ryan Johansen wins face-off versus Kyle Rau in Jets zone.
18:13 of 2nd period - Snap shot by Mathew Dumba.
18:13 of 2nd period - Deflect By Andrew Cogliano.
18:13 of 2nd period - Shot Misses the Net.
18:13 of 2nd period - Puck is out of play.
18:14 of 2nd period - Ryan Johansen wins face-off versus Andrew Cogliano in Jets zone.
18:29 of 2nd period - Snap shot by Andrei Loktionov.
18:29 of 2nd period - Shot Misses the Net.
18:31 of 2nd period - Snap shot by Andrei Loktionov.
18:31 of 2nd period - Shot Blocked by Ryan Johansen.
18:57 of 2nd period - Snap shot by Andrew Cogliano.
18:57 of 2nd period - Shot Blocked by Adam Larsson.
18:59 of 2nd period - Wrist shot by Alexander Radulov.
18:59 of 2nd period - Shot Misses the Net.
19:17 of 2nd period - Slapshot by Andrei Loktionov.
19:17 of 2nd period - Shot Blocked by Adam Larsson.
19:19 of 2nd period - Slapshot by Mathew Dumba.
19:19 of 2nd period - Stopped by Jacob Markstrom with a rebound.
19:21 of 2nd period - Snap shot by Andrei Loktionov.
19:21 of 2nd period - Stopped by Jacob Markstrom without a rebound.
19:22 of 2nd period - Kyle Rau wins face-off versus Tyler Toffoli in Jets zone.
19:35 of 2nd period - Snap shot by Jake Guentzel.
19:35 of 2nd period - Shot Blocked by Marco Scandella.
19:37 of 2nd period - Slapshot by Christopher Tanev.
19:37 of 2nd period - Deflect By Jordan Eberle.
19:37 of 2nd period - Stopped by Jacob Markstrom with a rebound.
19:39 of 2nd period - Slapshot by Vladimir Mihalik.
19:39 of 2nd period - Deflect By Jordan Eberle.
19:39 of 2nd period - Stopped by Jacob Markstrom with a rebound.
19:53 of 2nd period - Penalty to Dougie Hamilton is over, Dougie Hamilton is back on ice.
Goals for this period are 0 for Golden Knights vs 0 for Jets.
Shots for this period are 12 for Golden Knights vs 10 for Jets.
3rd period
0:01 of 3rd period - Andrei Loktionov wins face-off versus Ryan Johansen in neutral zone.
0:26 of 3rd period - Snap shot by Jordan Eberle.
0:26 of 3rd period - Stopped by Jacob Markstrom with a rebound.
0:28 of 3rd period - Slapshot by Kyle Rau.
0:28 of 3rd period - Stopped by Jacob Markstrom with a rebound.
0:30 of 3rd period - Slapshot by Jordan Eberle.
0:30 of 3rd period - Stopped by Jacob Markstrom without a rebound.
0:31 of 3rd period - Tyler Seguin wins face-off versus Kyle Rau in Jets zone.
0:42 of 3rd period - Backhand shot by Max Domi.
0:42 of 3rd period - Shot Blocked by Christopher Tanev.
0:46 of 3rd period - Wrist shot by Max Domi.
0:46 of 3rd period - Shot Misses the Net.
0:48 of 3rd period - Slapshot by Marco Scandella.
0:48 of 3rd period - Stopped by Laurent Brossoit without a rebound.
0:49 of 3rd period - Andrei Loktionov wins face-off versus Ryan Johansen in Golden Knights zone.
0:51 of 3rd period - Minor Penalty to Alexander Radulov for Hooking.
0:52 of 3rd period - Kyle Rau wins face-off versus Ryan Johansen in Golden Knights zone.
1:04 of 3rd period - Snap shot by Jake Guentzel.
1:04 of 3rd period - Stopped by Jacob Markstrom without a rebound.
1:05 of 3rd period - Ryan Johansen wins face-off versus Kyle Rau in Jets zone.
1:10 of 3rd period - Slapshot by Dougie Hamilton.
1:10 of 3rd period - Shot Blocked by Kyle Rau.
1:12 of 3rd period - Wrist shot by Troy Stetcher.
1:12 of 3rd period - Stopped by Laurent Brossoit without a rebound.
1:13 of 3rd period - Kyle Rau wins face-off versus Ryan Johansen in Golden Knights zone.
1:44 of 3rd period - Slapshot by Dougie Hamilton.
1:44 of 3rd period - Deflect By Max Domi.
1:44 of 3rd period - Shot Misses the Net.
1:44 of 3rd period - Puck is out of play.
1:45 of 3rd period - Kyle Rau wins face-off versus Tyler Seguin in Golden Knights zone.
2:16 of 3rd period - Snap shot by Ryan Murray.
2:16 of 3rd period - Stopped by Laurent Brossoit with a rebound.
2:27 of 3rd period - Slapshot by Nick Bjugstad.
2:27 of 3rd period - Stopped by Laurent Brossoit with a rebound.
2:51 of 3rd period - Penalty to Alexander Radulov is over, Alexander Radulov is back on ice.
3:07 of 3rd period - Troy Stetcher is hit by Paul Stastny.
3:45 of 3rd period - Snap shot by Andrew Cogliano.
3:45 of 3rd period - Shot Blocked by Troy Stetcher.
3:58 of 3rd period - Off-side.
3:59 of 3rd period - Max Reinhart wins face-off versus Ryan Johansen in neutral zone.
4:23 of 3rd period - Snap shot by Andrei Loktionov.
4:23 of 3rd period - Shot Misses the Net.
4:25 of 3rd period - Wrist shot by Andrei Loktionov.
4:25 of 3rd period - Stopped by Jacob Markstrom with a rebound.
4:27 of 3rd period - Snap shot by Alexander Radulov.
4:27 of 3rd period - Stopped by Jacob Markstrom without a rebound.
4:28 of 3rd period - Tyler Seguin wins face-off versus Alexander Radulov in Jets zone.
5:38 of 3rd period - Wrist shot by Lawson Crouse.
5:38 of 3rd period - Shot Misses the Net.
5:40 of 3rd period - Slapshot by Anton Lindholm.
5:40 of 3rd period - Deflect By Alexander Wennberg.
5:40 of 3rd period - Stopped by Jacob Markstrom with a rebound.
5:42 of 3rd period - Wrist shot by Frederick Gaudreau.
5:42 of 3rd period - Stopped by Jacob Markstrom without a rebound.
5:43 of 3rd period - Alexander Wennberg wins face-off versus Andrei Loktionov in Jets zone.
6:09 of 3rd period - Icing by Jussi Jokinen.
6:10 of 3rd period - Ryan Johansen wins face-off versus Kyle Rau in Jets zone.
6:47 of 3rd period - Slapshot by Andrew Cogliano.
6:47 of 3rd period - Stopped by Jacob Markstrom without a rebound.
6:48 of 3rd period - Kyle Rau wins face-off versus Tyler Seguin in Jets zone.
7:50 of 3rd period - Snap shot by Jordan Eberle.
7:50 of 3rd period - Shot Misses the Net.
7:52 of 3rd period - Wrist shot by Kyle Rau.
7:52 of 3rd period - Stopped by Jacob Markstrom without a rebound.
7:53 of 3rd period - Tyler Seguin wins face-off versus Andrei Loktionov in Jets zone.
8:27 of 3rd period - Slapshot by Brent Burns.
8:27 of 3rd period - Stopped by Laurent Brossoit without a rebound.
8:28 of 3rd period - Max Reinhart wins face-off versus Ryan Johansen in Golden Knights zone.
8:50 of 3rd period - Minor Penalty to Paul Stastny for Hooking.
8:51 of 3rd period - Alex Galchenyuk wins face-off versus Kyle Rau in Golden Knights zone.
9:06 of 3rd period - Wrist shot by Alex Galchenyuk.
9:06 of 3rd period - Deflect By Tyler Toffoli.
9:06 of 3rd period - Deflect By Olli Maatta.
9:06 of 3rd period - Goal by Tyler Toffoli - Golden Knights : 2 - Jets : 2.
9:07 of 3rd period - Tyler Toffoli wins face-off versus Andrei Loktionov in neutral zone.
9:43 of 3rd period - Snap shot by Jordan Eberle.
9:43 of 3rd period - Deflect By Kyle Rau.
9:43 of 3rd period - Shot Misses the Net.
9:43 of 3rd period - Puck is out of play.
9:44 of 3rd period - Ryan Johansen wins face-off versus Kyle Rau in Jets zone.
10:05 of 3rd period - Wrist shot by Jake Guentzel.
10:05 of 3rd period - Deflect By Jordan Eberle.
10:05 of 3rd period - Shot Misses the Net.
10:05 of 3rd period - Puck is out of play.
10:06 of 3rd period - Tyler Seguin wins face-off versus Andrei Loktionov in Jets zone.
10:15 of 3rd period - Wrist shot by Max Domi.
10:15 of 3rd period - Stopped by Laurent Brossoit with a rebound.
11:04 of 3rd period - Wrist shot by Alexander Wennberg.
11:04 of 3rd period - Shot Misses the Net.
11:42 of 3rd period - Anton Lindholm is hit by Frank Vatrano and loses puck.
12:01 of 3rd period - Ryan Johansen is hit by Kyle Rau and loses puck.
12:26 of 3rd period - Wrist shot by Anthony Mantha.
12:26 of 3rd period - Stopped by Laurent Brossoit with a rebound.
12:28 of 3rd period - Slapshot by Jussi Jokinen.
12:28 of 3rd period - Shot Misses the Net.
12:30 of 3rd period - Wrist shot by Jussi Jokinen.
12:30 of 3rd period - Stopped by Laurent Brossoit without a rebound.
12:31 of 3rd period - Tyler Seguin wins face-off versus Kyle Rau in Golden Knights zone.
13:25 of 3rd period - Dougie Hamilton is hit by Tom Wilson and loses puck.
13:44 of 3rd period - Slapshot by Luke Glendening.
13:44 of 3rd period - Shot Misses the Net.
13:46 of 3rd period - Snap shot by Lawson Crouse.
13:46 of 3rd period - Shot Hit the Post.
14:16 of 3rd period - Kyle Rau is hit by Ryan Murray and loses puck.
14:58 of 3rd period - Icing by Paul Stastny.
14:59 of 3rd period - Max Reinhart wins face-off versus Alexander Wennberg in Golden Knights zone.
16:15 of 3rd period - Wrist shot by Alexander Radulov.
16:15 of 3rd period - Deflect By Andrei Loktionov.
16:15 of 3rd period - Shot Misses the Net.
16:15 of 3rd period - Puck is out of play.
16:16 of 3rd period - Ryan Johansen wins face-off versus Kyle Rau in Jets zone.
16:42 of 3rd period - Alexander Radulov is hit by Alexander Wennberg and loses puck.
16:47 of 3rd period - Snap shot by Alexander Wennberg.
16:47 of 3rd period - Stopped by Laurent Brossoit with a rebound.
17:25 of 3rd period - Off-side.
17:26 of 3rd period - Max Reinhart wins face-off versus Alex Galchenyuk in neutral zone.
17:28 of 3rd period - Minor Penalty to Paul Stastny for Slashing.
17:29 of 3rd period - Kyle Rau wins face-off versus Ryan Johansen in Golden Knights zone.
17:45 of 3rd period - Wrist shot by Jake Guentzel.
17:45 of 3rd period - Deflect By Kyle Rau.
17:45 of 3rd period - Shot Misses the Net.
17:45 of 3rd period - Puck is out of play.
17:46 of 3rd period - Tyler Seguin wins face-off versus Kyle Rau in Jets zone.
17:53 of 3rd period - Snap shot by Tyler Seguin.
17:53 of 3rd period - Stopped by Laurent Brossoit with a rebound.
17:55 of 3rd period - Snap shot by Dougie Hamilton.
17:55 of 3rd period - Stopped by Laurent Brossoit with a rebound.
18:23 of 3rd period - Slapshot by Tyler Toffoli.
18:23 of 3rd period - Goal by Tyler Toffoli - Golden Knights : 2 - Jets : 3.
18:24 of 3rd period - Max Reinhart wins face-off versus Alexander Wennberg in neutral zone.
18:55 of 3rd period - Golden Knights, Laurent Brossoit is pulled from the net.
19:05 of 3rd period - Ryan Murray is hit by Kyle Rau and loses puck.
19:14 of 3rd period - Snap shot by Jordan Eberle.
19:14 of 3rd period - Shot Misses the Net.
19:16 of 3rd period - Snap shot by Jordan Eberle.
19:16 of 3rd period - Stopped by Jacob Markstrom without a rebound.
19:17 of 3rd period - Guy Boucher call a timeout for Golden Knights.
19:17 of 3rd period - Ryan Johansen wins face-off versus Jordan Eberle in Jets zone.
19:23 of 3rd period - Ryan Johansen is hit by Jake Guentzel.
19:24 of 3rd period - Off-side.
19:25 of 3rd period - Kyle Rau wins face-off versus Tyler Toffoli in neutral zone.
19:27 of 3rd period - Minor Penalty to Kyle Rau for Roughing.
19:28 of 3rd period - Laurent Brossoit from Golden Knights was sent back in the game.
19:28 of 3rd period - Andrew Cogliano wins face-off versus Ryan Johansen in Golden Knights zone.
Goals for this period are 0 for Golden Knights vs 2 for Jets.
Shots for this period are 11 for Golden Knights vs 13 for Jets.